 Dungeon Crawl Stone Soup version 0.30-a0-629-gd54f4be4f7 (webtiles) character file.

Game seed: 11221152121303867318

1068 drugrobin the Martial Artist (level 7, -9/56 HPs)
             Began as a Demigod Delver on Jan 12, 2023.
             Killed from afar by a gargoyle (21 damage)
             ... with a stone arrow
             ... on level 6 of the Dungeon.
             The game lasted 00:13:30 (4866 turns).

drugrobin the Martial Artist (Demigod Delver)       Turns: 4866, Time: 00:13:30

Health: -9/56      AC:  7    Str: 13    XL:     7   Next: 79%
Magic:  0/9        EV: 14    Int: 12    God:
Gold:   265        SH:  0    Dex: 23    Spells: 6/6 levels left

rFire   . . .      SeeInvis .      - Unarmed
rCold   . . .      Faith    .    (no shield)
rNeg    . . .      Spirit   +    E - +0 acid dragon scales
rPois   .          Reflect  .    t - +0 helmet
rElec   .          Harm     .    (no cloak)
rCorr   +          Rampage  .    (no gloves)
Will    .....                    (no boots)
Stlth   +++                      A - amulet of guardian spirit
HPRegen 0.29/turn                F - +4 ring of slaying
MPRegen 0.11/turn                (no ring)

@: flying
A: high MP 1, forlorn, divine attributes
a: no special abilities


You were on level 6 of the Dungeon.
You visited 1 branch of the dungeon, and saw 6 of its levels.

You collected 265 gold pieces.

Inventory:

Hand Weapons
 b - a +0 sling
 j - a +0 flail
 u - a +0 trident
 B - a +3 spear of venom
Missiles
 d - 66 stones
 l - 3 curare-tipped darts
 w - 4 javelins (quivered)
Armour
 n - the +1 robe of Bedevilment {Fly rF+ rN+ Int-3}
   (You found it on level 3 of the Dungeon)

   Int:       It affects your intelligence (-3).
   rF:        It protects you from fire.
   rN:        It protects you from negative energy.
   Fly:       It grants you flight.
 t - a +0 helmet (worn)
 E - +0 acid dragon scales (worn)
Jewellery
 A - an amulet of guardian spirit (around neck)
 F - a +4 ring of slaying (left hand)
Wands
 f - a wand of digging (3)
 v - a wand of paralysis (3)
 x - a wand of iceblast (12)
 C - a wand of polymorph (9)
Scrolls
 c - a scroll of magic mapping
 g - 2 scrolls of acquirement {unknown}
 h - a scroll of amnesia {unknown}
 k - 4 scrolls of teleportation {unknown}
 o - 3 scrolls of torment {unknown}
 p - 2 scrolls of fog
 q - 7 scrolls of identify {unknown}
 r - a scroll of silence {unknown}
 s - a scroll of fear
 z - 2 scrolls of enchant weapon {unknown}
Potions
 a - 2 potions of flight
 e - a potion of haste
 i - 2 potions of curing
 m - 2 potions of heal wounds {unknown}
 D - a potion of cancellation {unknown}


   Skills:
 - Level 2.6 Fighting
 - Level 4.0 Dodging
 - Level 4.5 Stealth
 * Level 8.0 Unarmed Combat


You had 6 spell levels left.
You didn't know any spells.
Your spell library contained the following spells:

 Spells                   Type           Power      Damage    Failure   Level
 Static Discharge         Conj/Air       0%         2-2/arc   58%         2
 Dazzling Flash           Conj/Hex       0%         N/A       82%         3
 Vhi's Electric Charge    Tloc/Air       0%         N/A       82%         3
 Iskenderun's Mystic Bla  Conj/Tloc      0%         2d3       99%         4
 Alistair's Intoxication  Tmut/Pois      0%         N/A       100%        5
 Arcjolt                  Conj/Air       0%         1d10      100%        5
 Borgnjor's Vile Clutch   Necr/Erth      0%         N/A       100%        5
 Lightning Bolt           Conj/Air       0%         1d11      100%        5
 Eringya's Noxious Bog    Tmut/Pois      0%         N/A       100%        6
 Starburst                Conj/Fire      0%         6d3       100%        6


Dungeon Overview and Level Annotations

Branches:
Dungeon (6/15)             Temple (0/1) D:4

Annotations:
D:4 3 runed translucent doors, Juicyj's ghost, amateur DECj


Innate Abilities, Weirdness & Mutations

You have an increased reservoir of magic. (+10% MP)
You shall have no god before yourself.
Your divine heritage dramatically boosts your attributes as you level up.


Message History

Something hits you but does no damage.
Unknown command.
Unknown command.
You bump into the rock wall.
You feel less confused. The gargoyle hits you with a +0 mace!
Something hits you but does no damage. x2
Unknown command.
Unknown command.
Something hits you.
The gargoyle hurls a stone arrow at you.
The stone arrow hits you!
You hear some strange, mumbled words.
Something tries to affect you, but you resist.
Something hits you.
Unknown command.
Unknown command.
Unknown command.
Unknown command.
Unknown command.
Okay, then.
It was a potion of flight.
You feel very buoyant.
You fly up into the air.
The gargoyle closely misses you.
You can't see any enemies this would affect, really read the scroll of fear?
Okay, then.
Unknown command.
Aiming: Paralyse
Press: ? - help, Shift-Dir - straight line, f - gargoyle
Aim: a gargoyle, wielding a +0 mace (chance to affect: 31%)
The gargoyle easily resists.
The gargoyle hits you with a +0 mace!
* * * LOW HITPOINT WARNING * * *
Unknown command.
It was a potion of curing.
You feel better. The gargoyle closely misses you.
Aiming: Paralyse
Press: ? - help, Shift-Dir - straight line, f/p - gargoyle
Aim: a gargoyle, wielding a +0 mace (chance to affect: 31%)
The gargoyle easily resists.
The gargoyle hurls a stone arrow at you.
The stone arrow hits you!!
You die...

.###.# ..##.# #.# ..##.#
#.# ..##.# #.. ...#.#
#.. ... .....## #.# #.#
#.....# #.# #.# ##.##.#
#.# #.# #.##.# #.# #@# #
##.##.# #.######9##.#...
......###......{{.....#
.........$...#...##.#...
..............#### #
.....########.......#
..... ######### #####


You could see a gargoyle.

Vanquished Creatures
  Maggie (D:6)
  A water moccasin (D:5)
  An ice beast (D:5)
  A black bear (D:5)
  A necrophage (D:3)
  A hound (D:5)
  4 jellies
  A gnoll bouda (D:4)
  An iguana (D:4)
  2 orc wizards (D:4)
  5 gnolls
  3 adders
  A white imp (D:6)
  3 worms
  A dart slug (D:4)
  5 orcs
  8 ball pythons
  6 bats
  5 endoplasms
  6 giant cockroaches
  9 goblins
  6 hobgoblins
  8 jackals
  4 quokkas
  3 frilled lizards
  6 kobolds
  5 rats
98 creatures vanquished.

Vanquished Creatures (others)
  A goblin (D:4)
  3 fungi (D:1)
  10 plants
14 creatures vanquished.

Grand Total: 112 creatures vanquished

Notes
Turn   | Place    | Note
-------+----------+-------------------------------------------
     0 | D:5      | drugrobin the Demigod Delver began the quest for the Orb.
     0 | D:5      | Reached XP level 1. HP: 18/18 MP: 3/3
    28 | D:4      | Reached skill level 2 in Unarmed Combat
   193 | D:4      | Found a staircase to the Ecumenical Temple.
   237 | D:4      | Found a runed translucent gate.
   411 | D:3      | Identified the +1 robe of Bedevilment {Fly rF+ rN+ Int-3}
   579 | D:1      | Reached XP level 2. HP: 25/25 MP: 4/4
   664 | D:1      | Reached skill level 3 in Unarmed Combat
   936 | D:1      | Reached XP level 3. HP: 30/30 MP: 5/5
  2047 | D:3      | Noticed a necrophage
  2095 | D:3      | Reached skill level 4 in Unarmed Combat
  2141 | D:3      | Reached XP level 4. HP: 34/37 MP: 6/6
  2671 | D:3      | Killed a necrophage
  2729 | D:4      | Reached XP level 5. HP: 32/42 MP: 7/7
  2879 | D:4      | Reached skill level 5 in Unarmed Combat
  2965 | D:4      | Found a runed translucent gate.
  2965 | D:4      | Found a runed translucent gate.
  3335 | D:4      | Noticed Juicyj's ghost (amateur DECj)
  3541 | D:5      | Noticed a water moccasin
  3614 | D:5      | Reached XP level 6. HP: 50/50 MP: 8/8
  3902 | D:5      | Killed a water moccasin
  3903 | D:5      | Reached skill level 6 in Unarmed Combat
  3908 | D:5      | Reached XP level 7. HP: 7/56 MP: 2/9
  4725 | D:6      | Noticed Maggie
  4749 | D:6      | Killed Maggie
  4750 | D:6      | Reached skill level 7 in Unarmed Combat
  4804 | D:6      | Reached skill level 8 in Unarmed Combat
  4852 | D:6      | Noticed a gargoyle
  4866 | D:6      | Killed from afar by a gargoyle

Illustrated notes

Levels and vault maps discovered:
D:1:      dpeg_arrival_prison, layout_basic, dreamdust_ecumenical_altar_grove,
          minmay_door_square, chequers_serial_rivers_micro_c
D:2:      layout_loops_cross, serial_forest, infiniplex_forest_straight_2,
          infiniplex_forest_end_2, infiniplex_forest_diagonal,
          infiniplex_forest_straight_3, infiniplex_forest_straight_3,
          infiniplex_forest_fountain, infiniplex_forest_clump_double,
          infiniplex_forest_clump_medium, infiniplex_forest_clump_double,
          infiniplex_forest_lined_3, minmay_misc_feat_encased,
          serial_park_tiny_1, kennysheep_generic_room_9
D:3:      layout_rooms
D:4:      layout_layer_cave, kennysheep_mini, minmay_temple_entry_nine_rooms,
          gammafunk_ghost_necromancy
D:5:      layout_rooms
D:6:      layout_loops_ring, uniq_eustachio, uniq_maggie

Skill      XL: |  1  2  3  4  5  6  7 |
---------------+----------------------+-----
Unarmed Combat | 2 3 4 5 6 8 |  8.0
Dodging        | 2 3 4 |  4.0
Fighting       | |  2.6
Stealth        | |  4.5

Action                   |  1- 3 |  4- 6 |  7- 9 || total
-------------------------+-------+-------+-------++-------
Melee: Unarmed           |   168 |   112 |    80 ||   360
       Flail             |     7 |       |       ||     7
       Punch             |     8 |     2 |     3 ||    13
       Spear             |       |       |    17 ||    17
 Fire: Sling             |    35 |     8 |       ||    43
Throw: Javelin           |       |    15 |     1 ||    16
       Stone             |       |     1 |       ||     1
       Dart              |       |     2 |       ||     2
Evoke: Wand              |       |     4 |     3 ||     7
  Use: Scroll            |     1 |       |       ||     1
       Potion            |       |       |     2 ||     2
 Stab: Sleeping          |     6 |     1 |     1 ||     8
       Paralysed         |       |     6 |     3 ||     9
Armor: Robe              |    36 |    22 |       ||    58
       Leather armour    |     2 |    14 |    18 ||    34
       Acid dragon scale |       |       |    13 ||    13
Dodge: Dodged            |   110 |    62 |    60 ||   232

Table legend: (Time is in decaauts)
 A = Elapsed time spent in this place.
 B = Non-inter-level travel time spent in this place.
 C = Inter-level travel time spent in this place.
 D = Time resting spent in this place.
 E = Time spent auto-exploring this place.
 F = Levels seen in this place.
 G = Mean time per level.
                   A        B        C        D        E       F      G
               +--------+--------+--------+--------+--------+-----+--------+
         Total |   4850 |   4552 |    298 |    314 |   2932 |   6 |  808.3 |
       Dungeon |   4850 |   4552 |    298 |    314 |   2932 |   6 |  808.3 |
               +--------+--------+--------+--------+--------+-----+--------+

Top non-repeatable levels by time:
     D:4: 1471 daAuts
     D:5: 987 daAuts
     D:2: 860 daAuts
     D:1: 772 daAuts
     D:3: 624 daAuts
     D:6: 135 daAuts
